 Dungeon Crawl Stone Soup version 0.28-a0-1518-gbe868bca14 (webtiles) character file.

Game seed: 10641224469061842960

114 fragbeetle the Insei (level 4, 0/36 HPs)
             Began as a Draconian Transmuter on Jan 17, 2022.
             Succumbed to an adder's poison
             ... on level 2 of the Dungeon.
             The game lasted 00:03:29 (1551 turns).

fragbeetle the Insei (Draconian Transmuter)         Turns: 1551, Time: 00:03:30

Health: 0/36       AC:  6    Str: 12    XL:     4   Next: 66%
Magic:  7/7        EV: 12    Int: 13    God:
Gold:   115        SH:  0    Dex: 14    Spells: 3/7 levels left

rFire   + . .      SeeInvis .     - Unarmed
rCold   + . .      Faith    .   (no shield)
rNeg    . . .      Spirit   .   (armour unavailable)
rPois   +          Reflect  .   (helmet restricted)
rElec   +          Harm     .   d - +0 cloak
rCorr   +          Rampage  .   (no gloves)
Will    .....                   (no boots)
Stlth   +.........              (no amulet)
HPRegen 0.12/turn               (no ring)
MPRegen 0.10/turn               (no ring)

@: lethally poisoned (0 -> -4), resistant, attractive, invisible
A: AC +5, unfitting armour, cold-blooded
a: no special abilities


You were on level 2 of the Dungeon.
You visited 1 branch of the dungeon, and saw 2 of its levels.

You collected 115 gold pieces.

Inventory:

Missiles
 a - 41 stones
 g - 13 sling bullets
Armour
 d - a +0 cloak (worn)
Scrolls
 b - 6 scrolls of identify {unknown}
Potions
 c - a potion of attraction
 h - a potion of degeneration {unknown}


   Skills:
 + Level 2.1 Fighting
 + Level 2.3 Dodging
 * Level 3.9 Unarmed Combat
 - Level 2.0 Spellcasting
 * Level 3.1 Transmutations
 + Level 1.0 Poison Magic


You had 3 spell levels left.
You knew the following spells:

 Your Spells              Type           Power      Damage    Failure   Level
a - Beastly Appendage     Tmut           18%        N/A       7%          1
b - Spider Form           Tmut/Pois      6%         N/A       32%         3

Your spell library contained the following spells:

 Spells                   Type           Power      Damage    Failure   Level
 Wereblood                Tmut           9%         N/A       11%         2
 Gell's Gravitas          Tloc           1%         N/A       58%         3
 Lesser Beckoning         Tloc           1%         N/A       58%         3
 Teleport Other           Tloc           1%         N/A       58%         3
 Ice Form                 Ice/Tmut       5%         N/A       80%         4


Dungeon Overview and Level Annotations

Branches:
Dungeon (2/15)

Altars:

Annotations:
D:1 water


Innate Abilities, Weirdness & Mutations

Your plain brown scales are hard. (AC +5)
You cannot fit into any form of body armour.
You are cold-blooded and may be slowed by cold attacks.


Message History

You miss the adder. Your headbutt misses the adder.
You feel sick. The adder bites you.
You are more poisoned.
The adder poisons you!
You hit the adder. Your kick misses the adder.
The adder is moderately wounded.
You feel sick. The adder bites you but does no damage.
You miss the adder. You claw the adder, but do no damage.
You headbutt the adder, but do no damage.
Your tail-slap misses the adder.
The adder is moderately wounded.
Your horns disappear.
Your talons disappear.
You feel sick. The adder closely misses you.
You closely miss the adder.
The adder is moderately wounded.
You feel sick. The adder bites you but does no damage.
You hit the adder.
The adder is heavily wounded.
You feel sick. The adder barely misses you.
You hit the adder.
The adder is severely wounded.
You feel sick. The adder closely misses you. The adder bites you.
* * * LOW HITPOINT WARNING * * *
You hit the adder.
The adder is almost dead.
You feel sick. The adder bites you.
* * * LOW HITPOINT WARNING * * *
You are lethally poisoned!
The adder poisons you!
It was a potion of attraction.
You feel attractive to monsters.
* * * LOW HITPOINT WARNING * * *
You feel sick. The adder closely misses you.
It was a potion of resistance.
You feel protected.
* * * LOW HITPOINT WARNING * * *
You feel sick. The adder barely misses you.
It was a potion of invisibility.
You fade into invisibility!
You die...

#. .... #. #.#.## #.
# #.#..# #. ##.#.##.#
#.## #..#.##.#
#..#######
......#.#####.#......
#S......##...#####
#@)..).†....######
#.......###.##....
#.......# #....###
#.).....# ######
#.[###### #..# ....#
....# #####


You could see an adder.

Vanquished Creatures
  4 adders (D:2)
  A gnoll (D:1)
  A worm (D:2)
  6 orcs (D:2)
  6 ball pythons
  4 endoplasms
  3 giant cockroaches (D:2)
  4 goblins
  10 hobgoblins
  4 jackals (D:1)
  3 kobolds
  A quokka (D:1)
  3 bats (D:1)
  A frilled lizard (D:2)
  4 rats
55 creatures vanquished.

Notes
Turn   | Place    | Note
-------+----------+-------------------------------------------
     0 | D:1      | fragbeetle the Draconian Transmuter began the quest for the
                  | Orb.
     0 | D:1      | Reached XP level 1. HP: 16/16 MP: 3/3
   216 | D:1      | Reached XP level 2. HP: 22/23 MP: 5/5
   495 | D:1      | Reached XP level 3. HP: 27/28 MP: 3/6
   529 | D:1      | Found a faded altar of an unknown god.
   900 | D:1      | Learned a level 3 spell: Spider Form
   968 | D:2      | Reached XP level 4. HP: 31/36 MP: 5/7
  1520 | D:2      | Reached skill level 1 in Poison Magic
  1550 | D:2      | HP: 1/36 [poisoned by an adder]
  1551 | D:2      | Succumbed to an adder's poison

Illustrated notes

Levels and vault maps discovered:
D:1:      dpeg_arrival_pond, layout_basic,
          hellmonk_ecumenical_altar_prayer_group,
          corexii_item_surrounded_by_moat, chequers_serial_rivers_micro_c,
          minmay_misc_feat_five, nicolae_concentric_dashed_squares_wild
D:2:      layout_rooms, guppyfry_early_orc_mine

Skill      XL: |  1  2  3  4 |
---------------+-------------+-----
Dodging        | 2 |  2.3
Fighting       | 2 |  2.1
Transmutations | 3 |  3.1
Poison Magic   | 1 |  1.0
Unarmed Combat | |  3.9
Spellcasting   | |  2.0

Action                   |  1- 3 |  4- 6 || total
-------------------------+-------+-------++-------
Melee: Unarmed           |    96 |    63 ||   159
       Kick              |    24 |    13 ||    37
       Tailslap          |     5 |     4 ||     9
       Punch             |     2 |     1 ||     3
       Headbutt          |     9 |    10 ||    19
 Cast: Beastly Appendage |    17 |    10 ||    27
  Use: Potion            |       |     3 ||     3
Armor: Skin              |    47 |    16 ||    63
Dodge: Dodged            |    92 |    33 ||   125

Table legend: (Time is in decaauts)
 A = Elapsed time spent in this place.
 B = Non-inter-level travel time spent in this place.
 C = Inter-level travel time spent in this place.
 D = Time resting spent in this place.
 E = Time spent auto-exploring this place.
 F = Levels seen in this place.
 G = Mean time per level.
                   A        B        C        D        E       F      G
               +--------+--------+--------+--------+--------+-----+--------+
         Total |   1540 |   1516 |     24 |      0 |   1042 |   2 |  770.0 |
       Dungeon |   1540 |   1516 |     24 |      0 |   1042 |   2 |  770.0 |
               +--------+--------+--------+--------+--------+-----+--------+

Top non-repeatable levels by time:
     D:1: 927 daAuts
     D:2: 613 daAuts
